 Dungeon Crawl Stone Soup version 0.30-a0-879-ga8ba668304 (webtiles) character file.

Game seed: 16488944067986469162

11 AtlasWard the Trooper (level 2, -1/32 HPs)
             Began as an Ogre Cinder Acolyte on Mar 12, 2023.
             Was a High Priest of Ignis.
             Slain by Terence
             ... wielding a +0 flail of protection
              (8 damage)
             ... on level 1 of the Dungeon.
             The game lasted 00:01:07 (974 turns).

AtlasWard the Trooper (Ogre Cinder Acolyte)          Turns: 974, Time: 00:01:07

Health: -1/32      AC:  3    Str: 17    XL:     2   Next: 29%
Magic:  3/3        EV:  9    Int: 15    God:    Ignis [*****.]
Gold:   89         SH:  0    Dex:  4    Spells: 3/3 levels left

rFire   + . .      SeeInvis .    a - -1 mace (flame)
rCold   + . .      Faith    .    (no shield)
rNeg    . . .      Spirit   .    b - +0 robe
rPois   .          Reflect  .    (helmet restricted)
rElec   .          Rampage  .    (no cloak)
rCorr   .                        (gloves unavailable)
Will    .....                    (boots unavailable)
Stlth   +                        (no amulet)
HPRegen 0.25/turn                f - ring of protection from cold
MPRegen 0.08/turn                (no ring)

@: no status effects
A: large, unfitting armour, tough skin 1
a: Renounce Religion, Fiery Armour, Foxfire Swarm, Rising Flame


You were on level 1 of the Dungeon.
You worshipped Ignis.
Ignis was extremely pleased with you.
You visited 1 branch of the dungeon, and saw 2 of its levels.

You collected 89 gold pieces.

Inventory:

Hand Weapons
 a - a -1 mace of flaming (weapon)
Armour
 b - a +0 robe (worn)
Jewellery
 f - a ring of protection from cold (left hand)
Scrolls
 c - a scroll of fear {unknown}
 d - a scroll of fog {unknown}
 e - a scroll of immolation {unknown}
Potions
 g - a potion of might {unknown}


   Skills:
 + Level 4.2 Fighting
 * Level 3.0 Maces & Flails
 - Level 1.2 Spellcasting
 + Level 2.8 Fire Magic


You had 3 spell levels left.
You didn't know any spells.
Your spell library contained the following spells:

 Spells                   Type           Power      Damage    Failure   Level
 Scorch                   Fire           18%        2d5       11%         2


Dungeon Overview and Level Annotations

Branches:
Dungeon (2/15)

Altars:

Annotations:
D:1 Terence
D:2 Sigmund


Innate Abilities, Weirdness & Mutations

You are too large for most types of armour.
You have tough skin. (AC +1)


Message History

You barely miss the kobold.
Terence hits you with a +0 flail of protection.
The kobold hits you with a +0 short sword.
Terence barely misses you. The kobold hits you but does no damage.
You sock the kobold! You burn the kobold.
You kill the kobold!
Terence hits you with a +0 flail of protection.
You don't know any spells.
Things that are here:
a +0 short sword; 4 stones; a kobold corpse Terence attacks as you move away!
Terence completely misses you. Terence attacks as you move away!
Terence hits you with a +0 flail of protection.
Terence attacks as you move away!
Terence hits you with a +0 flail of protection.
You hit Terence. You burn Terence.
Terence is lightly wounded.
Terence hits you with a +0 flail of protection.
You hit Terence but do no damage.
Terence is lightly wounded.
Terence hits you with a +0 flail of protection!
* * * LOW HITPOINT WARNING * * *
You barely miss Terence.
Terence is lightly wounded.
Terence hits you with a +0 flail of protection.
* * * LOW HITPOINT WARNING * * *
Terence completely misses you.
You closely miss Terence.
Terence is lightly wounded.
Terence closely misses you.
You barely miss Terence.
Terence is lightly wounded.
Terence closely misses you.
You hit Terence but do no damage.
Terence is lightly wounded.
Terence barely misses you.
You hit Terence. You burn Terence.
Terence is moderately wounded.
Terence hits you with a +0 flail of protection!
You die...

####..........'..>...##..........
.##.......#####......##.#####'###
..........#####......##'#####.#
######....'...#............##.#
8#8#8#....###.#............##.#
.....#....# #.###.#........##.#
####.'....# #.###.#........##.###
.....#....# #.##..#.#......##....
8#8#8#.#### #.##@##.###'#########
######.# #.##@##.............#
.......# #.#..######.#######.#
.##....# #.#.## #.# #.# ####...#
#.#.#######.# #.# .##....#
#...........# #.#
.......########.###############.#
...##...........................#
##..#.########..#################


You could see Terence.

Vanquished Creatures
  2 endoplasms (D:1)
  A goblin (D:1)
  4 jackals (D:1)
  2 kobolds (D:1)
9 creatures vanquished.

Notes
Turn   | Place    | Note
-------+----------+-------------------------------------------
     0 | D:1      | AtlasWard the Ogre Cinder Acolyte began the quest for the
                  | Orb.
     0 | D:1      | Reached XP level 1. HP: 24/24 MP: 2/2
   451 | D:1      | Reached XP level 2. HP: 16/32 MP: 3/3
   737 | D:1      | Found a faded altar of an unknown god.
   902 | D:2      | Noticed Sigmund
   948 | D:2      | Noticed Terence
   974 | D:1      | Slain by Terence

Illustrated notes

Levels and vault maps discovered:
D:1:      heliophobic_arrival_ceremonial_halls, layout_basic,
          ebering_ecumenical_altar_sacrificial, dreamdust_wishing_well
D:2:      layout_rooms, serial_shops, shop, uniq_terence, uniq_sigmund,
          uniq_natasha, uniq_crazy_yiuf_cottage

Skill      XL: |  1  2 |
---------------+-------+-----
Maces & Flails | 3 |  3.0
Fighting       | |  4.2
Spellcasting   | |  1.2
Fire Magic     | |  2.8

Action                     || total
---------------------------++-------
  Melee: Mace              ||    28
 Armour: Robe              ||    11
  Dodge: Dodged            ||    18

Table legend: (Time is in decaauts)
 A = Elapsed time spent in this place.
 B = Non-inter-level travel time spent in this place.
 C = Inter-level travel time spent in this place.
 D = Time resting spent in this place.
 E = Time spent auto-exploring this place.
 F = Levels seen in this place.
 G = Mean time per level.
                   A        B        C        D        E       F      G
               +--------+--------+--------+--------+--------+-----+--------+
         Total |    980 |    938 |     42 |      0 |    841 |   2 |  490.0 |
       Dungeon |    980 |    938 |     42 |      0 |    841 |   2 |  490.0 |
               +--------+--------+--------+--------+--------+-----+--------+

Top non-repeatable levels by time:
     D:1: 963 daAuts
     D:2: 17 daAuts
